AoeStats
← Casco79

Arabia

506540887Analyzed
1v1 RM · 2mo ago on Sep 14, 2026· 44m 5s· 2 players
Game mode
Random Map
Map size
Tiny (2 player)
Population
200
Speed
Normal
Resources
Standard
Victory
Conquest
Starting age
Dark Age
Ending age
Imperial Age
RankedLock teamsTeams togetherTeam positionsShared explorationLock speedFull tech treeHidden civsTurbo modeCheats
Victory
Defeat
🇲🇽 Romans · Mexico
1079
+14
vs
🇧🇷 Franks · Brazil
1043
-14
Sonera
4:27 Loom
6:54 Loom
9:29 Feudal Age
10:33 Double-Bit Axe
14:36 Fletching
21:51 Castle Age
20:23 Scale Barding Armor
20:50 Gold Mining
21:25 Forging
24:06 Chain Barding Armor
24:33 Bodkin Arrow
24:40 Padded Archer Armor
25:20 Bow Saw
26:04 Iron Casting
28:35 Stone Mining
29:23 Gold Shaft Mining
28:18 Elite Skirmisher
31:13 Leather Archer Armor
32:07 Ballistics
37:13 Imperial Age
36:01 Husbandry
35:24 Light Cavalry
43:24 Chemistry
Casco79
6:01 Loom
9:49 Feudal Age
11:32 Double-Bit Axe
11:42 Horse Collar
18:01 Scale Mail Armor
20:27 Castle Age
18:55 Padded Archer Armor
20:37 Fletching
20:29 Pikeman
24:45 Forging
26:32 Wheelbarrow
26:57 Chain Mail Armor
29:46 Squires
31:21 Gold Mining
31:23 Stone Mining
31:45 Bow Saw
31:37 Heavy Plow
32:45 Town Watch
34:14 Hand Cart
34:58 Iron Casting
35:40 Bodkin Arrow
37:05 Leather Archer Armor
36:58 Scale Barding Armor
40:30 Imperial Age
39:07 Gold Shaft Mining
40:11 Town Patrol
40:32 Halberdier
40:38 Heavy Scorpion
41:41 Conscription
42:31 Blast Furnace
41:50 Capped Ram
43:33 Ballistas
43:49 Comitatenses
43:00 Sappers
44:05 Bloodlines
43:56 Husbandry
43:16 Light Cavalry
44:19 Chain Barding Armor
Connection lost

Rejoining the realm…

Still unreachable

The connection could not be restored.

Session expired

The server has moved on; the page needs a fresh start.